 Dungeon Crawl Stone Soup version 0.30-a0-305-g026cb31310 (webtiles) character file.

Game seed: 4954426278092892496

2641 Crownlay the Sneak (level 9, -7/59 HPs)
             Began as an Octopode Earth Elementalist on Oct 23, 2022.
             Was a Follower of Vehumet.
             Mangled by a troll (9 damage)
             ... on level 7 of the Dungeon.
             The game lasted 00:13:55 (6278 turns).

Crownlay the Sneak (Octopode Earth Elementalist)    Turns: 6278, Time: 00:13:55

Health: -7/59      AC:  5    Str:  8    XL:     9   Next: 61%
Magic:  17/17      EV: 14    Int: 25    God:    Vehumet [*.....]
Gold:   474        SH:  0    Dex: 21    Spells: 12/18 levels left

rFire   . . .      SeeInvis .    r - +9 hand axe of Abomination {venom, Int+4 Dex+3}
rCold   . . .      Faith    .    (no shield)
rNeg    . . .      Spirit   .    (helmet restricted)
rPois   .          Reflect  .    l - amulet of the acrobat
rElec   .          Harm     .    i - +4 ring of protection
rCorr   .          Rampage  .    k - +4 ring of slaying
Will    .....                    s - +6 ring of dexterity
Stlth   +++++.....               (no ring)
HPRegen 0.29/turn                (no ring)
MPRegen 0.15/turn                (no ring)
                                 (no ring)
                                 (no ring)

@: no status effects
A: almost no armour, amphibious, 8 rings, camouflage 1, gelatinous body 1,
(nimble swimmer 1), tentacles
a: Renounce Religion


You were on level 7 of the Dungeon.
You worshipped Vehumet.
Vehumet was aware of your devotion.
You visited 2 branches of the dungeon, and saw 8 of its levels.

You collected 474 gold pieces.

Inventory:

Hand Weapons
 e - a +4 vorpal spear
 r - the +9 hand axe of Abomination (weapon) {venom, Int+4 Dex+3}
   (You acquired it on level 4 of the Dungeon)

   It poisons the flesh of those it strikes.
   Int:       It affects your intelligence (+4).
   Dex:       It affects your dexterity (+3).
Missiles
 h - 2 throwing nets
Magical Staves
 p - a staff of fire
Jewellery
 i - a +4 ring of protection (left tentacle)
 k - a +4 ring of slaying (right tentacle)
 l - an amulet of the acrobat (around mantle)
 s - a +6 ring of dexterity (on tentacle)
Wands
 v - a wand of charming (8)
 C - a wand of flame (13)
 D - a wand of polymorph (8)
 F - a wand of mindburst (18)
Scrolls
 b - 2 scrolls of identify
 d - 4 scrolls of teleportation
 m - a scroll of amnesia
 n - a scroll of vulnerability {unknown}
 q - 3 scrolls of enchant armour
 t - a scroll of blinking {unknown}
 u - a scroll of butterflies {unknown}
 y - a scroll of torment {unknown}
 A - a scroll of magic mapping
Potions
 a - a potion of magic
 c - 6 potions of heal wounds
 g - a potion of haste
 j - a potion of berserk rage {unknown}
 o - 2 potions of might {unknown}
 w - a potion of ambrosia {unknown}
 x - a potion of mutation {unknown}
 B - a potion of curing {unknown}
 E - 2 potions of cancellation {unknown}


   Skills:
 + Level 4.5 Fighting
 - Level 2.0 Dodging
 + Level 6.8 Stealth
 - Level 4.0 Unarmed Combat
 + Level 5.4 Spellcasting
 + Level 4.5 Conjurations
 + Level 4.5 Transmutations
 - Level 6.1 Earth Magic


You had 12 spell levels left.
You knew the following spells:

 Your Spells              Type           Power      Damage    Failure   Level
a - Sandblast             Erth           74%        2d16      1%          1
b - Passwall              Tmut/Erth      27%        N/A       1%          2
c - Stone Arrow           Conj/Erth      66%        3d11      2%          3

Your spell library contained the following spells:

 Spells                   Type           Power      Damage    Failure   Level
 Kiss of Death            Conj/Necr      72%        2d10      3%          1
 Foxfire                  Conj/Fire      72%        2x1d7     3%          1
 Momentum Strike          Conj/Tloc      36%        3d9       4%          2
 Petrify                  Tmut/Erth      33%        N/A       9%          4
 Blink                    Tloc           12%        N/A       12%         2
 Inner Flame              Hex/Fire       6%         N/A       24%         3
 Lesser Beckoning         Tloc           12%        N/A       24%         3
 Ozocubu's Armour         Ice            6%         N/A       24%         3
 Flame Wave               Conj/Fire      18%        2d7       30%         4
 Sticky Flame             Conj/Fire      18%        2d4       30%         4
 Fireball                 Conj/Fire      9%         3d6       65%         5
 Metabolic Englaciation   Hex/Ice        3%         N/A       91%         5
 Conjure Ball Lightning   Conj/Air       9%         3x3d6     99%         6
 Starburst                Conj/Fire      9%         6d5       99%         6
 Simulacrum               Ice/Necr       3%         N/A       100%        6
 Discord                  Hex            3%         N/A       100%        8
 Disjunction              Tloc           3%         N/A       100%        8


Dungeon Overview and Level Annotations

Branches:
Dungeon (7/15)             Temple (1/1) D:6

Altars:
Cheibriados
Elyvilon
Fedhas
Gozag
Hepliaklqana
Kikubaaqudgha
Makhleb
Okawaru
Qazlal
Ru
Uskayaw
Vehumet
Wu Jian
Xom
The Shining One
Lugonu

Portals:
Abyss: D:6

Annotations:
D:3 2 runed translucent doors, Bane11's ghost, amateur DsTm


Innate Abilities, Weirdness & Mutations

You cannot wear most types of armour.
You are amphibious.
You can wear up to eight rings at the same time.
Your skin changes colour to match your surroundings (Stealth+).
Your rubbery body absorbs attacks. (AC +1, EV +1)
((You are camouflaged when in or above water. (Stealth+)))
You have tentacles for arms and can constrict up to eight enemies at once.


Message History

Found a chain mail.
You see here a +0 chain mail.
Found a leather armour.
You see here a +0 leather armour.
An orc priest comes into view. It is wielding a +0 club.
A troll comes into view.
Found a snail-covered altar of Cheibriados.
A hound comes into view.
The orc priest shouts!
The troll shouts!
The hound barks!
You slash the orc priest!
You kill the orc priest!
Vehumet accepts your kill.
You slash the hound! The hound barely misses you. The hound misses you.
You slash the hound!
You kill the hound!
Vehumet accepts your kill.
You can now gain magical power from killing.
Vehumet offers you knowledge of Kiss of Death.
You hit the troll. The troll bites you! The troll claws you but does no damage.
The troll claws you! The troll bites you. The troll claws you.
The troll claws you!
You barely miss the troll. You squeeze the troll.
The troll is lightly wounded.
The troll misses you. The troll claws you!
* * * LOW HITPOINT WARNING * * *
The troll misses you.
You slash the troll!
The troll looks as sick as possible!
The troll is heavily wounded.
The troll closely misses you. The troll barely misses you. The troll claws you.
* * * LOW HITPOINT WARNING * * *
You slash the troll!
The troll looks as sick as possible!
The troll is severely wounded.
The troll misses you. The troll barely misses you. The troll claws you.
* * * LOW HITPOINT WARNING * * *
You closely miss the troll.
The troll is severely wounded.
The troll bites you!
* * * LOW HITPOINT WARNING * * *
The troll claws you!
You die...

#.............#
#...#####.#...#
##.## #......
#.# ###...# #.#
##..# #.# #...
#####.#### #.##
#.#####........#
#+
#.....T@###.##.#
#.#.....# #.# #
#._.... ..#
#......#...
............
#.######.#...# #
.##.## ..


You could see a troll (extremely poisoned).

Vanquished Creatures
  Sigmund (D:6)
  2 steam dragons (D:6)
  2 water moccasins
  Duvessa (D:4)
  A sky beast (D:7)
  An ice beast (D:7)
  3 ogres
  A bullfrog (D:7)
  3 kobold brigands (D:6)
  2 necrophages (D:5)
  3 scorpions
  3 wights (D:7)
  Dowan (D:4)
  A centaur skeleton (D:3)
  4 hounds
  3 orc priests
  4 iguanas
  4 orc wizards
  11 adders
  An adder skeleton (D:3)
  An adder zombie (D:3)
  4 dart slugs
  22 orcs
  4 bats
  8 endoplasms
  4 giant cockroaches
  11 goblins
  7 hobgoblins
  6 jackals
  3 quokkas
  6 ball pythons
  A ball python skeleton (D:3)
  5 frilled lizards
  17 kobolds
  A quokka skeleton (D:3)
  A quokka zombie (D:3)
  5 rats
158 creatures vanquished.

Vanquished Creatures (others)
  A phantom (D:6)
  A kobold (D:6)
2 creatures vanquished.

Grand Total: 160 creatures vanquished

Notes
Turn   | Place    | Note
-------+----------+-------------------------------------------
     0 | D:1      | Crownlay the Octopode Earth Elementalist began the quest
                  | for the Orb.
     0 | D:1      | Reached XP level 1. HP: 11/11 MP: 3/3
   162 | D:1      | Reached XP level 2. HP: 17/17 MP: 3/5
   642 | D:1      | Reached XP level 3. HP: 21/21 MP: 6/6
  1404 | D:2      | Reached XP level 4. HP: 27/27 MP: 7/7
  1596 | D:2      | Learned a level 2 spell: Passwall
  1627 | D:3      | Noticed Bane11's ghost (amateur DsTm)
  1627 | D:3      | Found a large runed translucent door.
  1627 | D:3      | Found a large runed translucent door.
  1851 | D:3      | Found a sacrificial altar of Ru.
  2014 | D:3      | Reached XP level 5. HP: 26/32 MP: 8/8
  2170 | D:3      | Reached skill level 1 in Fighting
  2191 | D:3      | Reached skill level 1 in Unarmed Combat
  2576 | D:4      | Reached skill level 5 in Earth Magic
  2576 | D:4      | Reached XP level 6. HP: 28/38 MP: 9/9
  2675 | D:4      | Noticed Duvessa
  2675 | D:4      | Noticed Dowan
  2681 | D:4      | Learned a level 3 spell: Stone Arrow
  2687 | D:4      | Killed Duvessa
  2688 | D:4      | Reached skill level 5 in Stealth
  2701 | D:4      | Killed Dowan
  2916 | D:4      | Reached XP level 7. HP: 45/45 MP: 9/11
  3172 | D:4      | Found a glowing golden altar of the Shining One.
  3242 | D:4      | Identified the +7 chain mail of Yesterday {rN+ Int+5}
  3491 | D:4      | Identified a scroll of acquirement
  3492 | D:4      | Acquired the +9 hand axe of Abomination {venom, Int+4
                  | Dex+3}
  3521 | D:5      | Entered Level 5 of the Dungeon
  3776 | D:5      | Reached XP level 8. HP: 50/52 MP: 13/13
  3813 | D:5      | Reached skill level 1 in Conjurations
  4018 | D:5      | Found a blossoming altar of Fedhas.
  4530 | D:6      | Found a staircase to the Ecumenical Temple.
  4549 | Temple   | Entered the Ecumenical Temple
  4581 | Temple   | Became a worshipper of Vehumet
  4620 | D:6      | Reached XP level 9. HP: 18/58 MP: 15/15
  4975 | D:6      | Noticed Sigmund
  4979 | D:6      | Killed Sigmund
  5097 | D:6      | Found a one-way gate to the infinite horrors of the Abyss.
  5097 | D:6      | Identified the +2 dagger "Vuginug" {distort, rPois rF- rN+
                  | Int+3 Stlth+}
  5124 | D:6      | Found a large runed translucent door.
  5124 | D:6      | Found a large runed translucent door.
  5124 | D:6      | Found a corrupted altar of Lugonu.
  5487 | D:6      | Reached skill level 5 in Spellcasting
  6270 | D:7      | Found a snail-covered altar of Cheibriados.
  6270 | D:7      | Noticed a troll
  6274 | D:7      | Reached * piety under Vehumet
  6274 | D:7      | Offered knowledge of Kiss of Death by Vehumet.
  6278 | D:7      | HP: 2/59 [troll (9)]
  6278 | D:7      | Mangled by a troll

Illustrated notes

Levels and vault maps discovered:
D:1:      dpeg_arrival_connections, layout_loops_ring, minmay_unequal
D:2:      layout_loops_cross
D:3:      corexii_shack_village, layout_loops_ring,
          nicolae_ru_the_path_less_chosen, ebering_ghost_disaster_area,
          serial_undead, serial_undead_a, serial_undead_a, serial_undead_f,
          serial_undead_a
D:4:      layout_basic, mainiacjoe_overflow_cross_hatched, serial_park_tiny_1,
          minmay_curled_crystal, uniq_duvessa
D:5:      layout_loops_cross, nicolae_overflow_crystal_walls, serial_bayou,
          serial_bayou_pond_d, serial_bayou_shore_a, serial_bayou_pond_c,
          serial_bayou_shore_b
D:6:      due_chaos_kobolds, layout_gridville, minmay_temple_entry_mist,
          kennysheep_nub, uniq_sigmund
D:7:      layout_loops_corners, grunt_dithmenos_smoke, hangedman_feature_mirror
Temple:   nicolae_temple_bog_church

Skill      XL: |  1  2  3  4  5  6  7  8  9 |
---------------+----------------------------+-----
Stealth        | 3 4 5 6 |  6.8
Earth Magic    | 4 5 6 |  6.1
Fighting       | 1 2 3 4 |  4.5
Unarmed Combat | 1 2 4 |  4.0
Spellcasting   | 3 4 5 |  5.4
Conjurations   | 3 4 |  4.5
Transmutations | 3 4 |  4.5
Dodging        | |  2.0

Action                   |  1- 3 |  4- 6 |  7- 9 || total
-------------------------+-------+-------+-------++-------
Melee: Spear             |    51 |   103 |    17 ||   171
       Unarmed           |     5 |       |       ||     5
       Constrict         |     8 |    23 |    30 ||    61
       Punch             |     1 |     2 |     3 ||     6
       Tentacles         |     3 |    10 |    39 ||    52
       Hand axe          |       |       |    86 ||    86
 Cast: Sandblast         |    16 |     8 |    15 ||    39
       Stone Arrow       |       |     3 |     2 ||     5
  Use: Potion            |       |     3 |       ||     3
       Scroll            |       |       |    14 ||    14
 Stab: Sleeping          |    13 |    21 |    13 ||    47
Armor: Skin              |     6 |    10 |    25 ||    41
Dodge: Dodged            |    18 |    36 |    75 ||   129

Table legend: (Time is in decaauts)
 A = Elapsed time spent in this place.
 B = Non-inter-level travel time spent in this place.
 C = Inter-level travel time spent in this place.
 D = Time resting spent in this place.
 E = Time spent auto-exploring this place.
 F = Levels seen in this place.
 G = Mean time per level.
                   A        B        C        D        E       F      G
               +--------+--------+--------+--------+--------+-----+--------+
         Total |   6326 |   6092 |    234 |    316 |   4821 |   8 |  790.8 |
       Dungeon |   6277 |   6058 |    219 |    316 |   4799 |   7 |  896.7 |
        Temple |     48 |     33 |     15 |      0 |     22 |   1 |   48.0 |
               +--------+--------+--------+--------+--------+-----+--------+

Top non-repeatable levels by time:
     D:6: 1317 daAuts
     D:4: 1081 daAuts
     D:1: 1002 daAuts
     D:3: 901 daAuts
     D:5: 876 daAuts
     D:2: 636 daAuts
     D:7: 462 daAuts
  Temple: 48 daAuts
